 Dungeon Crawl Stone Soup version 0.21-a0-504-g2eda330 (webtiles) character file.

142 slep the Poker (level 5, 0/61 HPs)
             Began as a Demonspawn Monk on Nov 26, 2017.
             Was a Believer of Okawaru.
             Killed from afar by a dart slug (3 damage)
             ... with a slug dart
             ... on level 3 of the Dungeon.
             The game lasted 00:06:56 (1456 turns).

slep the Poker (Demonspawn Monk)                    Turns: 1456, Time: 00:07:00

Health: 0/61       AC: 22    Str: 12    XL:     5   Next: 3%
Magic:  5/5        EV:  2    Int: 11    God:    Okawaru [**....]
Gold:   89         SH:  0    Dex: 16    Spells: 4/4 levels left

rFire    . . .     SeeInvis .   a - +0 spear
rCold    . . .     Gourm    .   (no shield)
rNeg     + + +     Faith    .   (armour currently unavailable)
rPois    +         Spirit   .   (helmet currently unavailable)
rElec    .         Reflect  .   (cloak currently unavailable)
rCorr    .         Harm     .   (gloves currently unavailable)
MR       .....     NoTele   +   (boots currently unavailable)
Stlth    ++........             (no amulet)
HPRegen  0.60/turn              e - ring of flight
MPRegen  0.09/turn              (no ring)

@: tree-form
A: regeneration 1, wild magic 1
a: Heroism, Renounce Religion


You were on level 3 of the Dungeon.
You worshipped Okawaru.
Okawaru was pleased with you.
You were not hungry.
You were a tree.
You visited 1 branch of the dungeon, and saw 3 of its levels.

You collected 89 gold pieces.

Inventory:

Hand Weapons
 a - a +0 spear (weapon)
Armour
 b - a +0 robe
 d - a +0 scale mail (melded)
 k - a +0 helmet (melded)
 l - a +0 cloak (melded)
Jewellery
 e - a ring of flight (left branch)
Scrolls
 h - a scroll of random uselessness {unknown}
 m - a scroll of remove curse {unknown}
Potions
 n - a potion of flight {unknown}
Comestibles
 c - 3 bread rations
 g - 2 meat rations
 i - 4 fruits


   Skills:
 + Level 3.5 Fighting
 + Level 3.9 Polearms
 + Level 1.8 Armour
 + Level 3.3 Dodging
 + Level 2.0 Stealth


You had 4 spell levels left.
You didn't know any spells.

Dungeon Overview and Level Annotations

Branches:
Dungeon (3/15)

Altars:
Kikubaaqudgha
Okawaru

Annotations:
D:3 Grinder


Innate Abilities, Weirdness & Mutations

((You have large cloven feet.))
((You are partially covered in sharp spines.))
Your natural rate of healing is unusually fast.
Your spells are a little harder to cast, but a little more powerful.


Message History

* * * LOW HITPOINT WARNING * * *
You writhe in agony.
* * * LOW HITPOINT WARNING * * *
You hit the dart slug but do no damage.
You kick the dart slug, but do no damage.
The dart slug is almost dead.
The dart slug launches a dart at you. The slug dart hits you!
* * * LOW HITPOINT WARNING * * *
Grinder gestures at you. Pain shoots through your body!
* * * LOW HITPOINT WARNING * * *
It was a potion of lignification.
You turn into a tree.
Your +0 cloak melds into your body.
Your +0 helmet melds into your body.
Your +0 scale mail melds into your body.
Your roots penetrate the ground.
Grinder hits you.
* * * LOW HITPOINT WARNING * * *
The dart slug launches a dart at you. The slug dart hits you!
You die...

.................).....#
#.†)†....[..............
#...###.......>........#
#..<# #######...######.#
###.# #...# # #.# #!..#
#.# #...# ..# #...# ###
#..♣# #..rw5..#
#.#?.##.# ...##.# # ###.
#.. #. #.## ... ..#


You could see Grinder, a dart slug and a rat.

Vanquished Creatures
  Crazy Yiuf (D:2)
  An iguana (D:3)
  Robin (D:2)
  2 adders (D:2)
  A worm (D:2)
  3 leopard geckos (D:1)
  3 giant cockroaches
  14 goblins
  8 hobgoblins
  3 jackals (D:3)
  3 kobolds (D:1)
  A ball python (D:2)
  3 bats
  4 frilled lizards
  3 rats
51 creatures vanquished.

Notes
Turn   | Place    | Note
-------+----------+-------------------------------------------
     0 | D:1      | slep the Demonspawn Monk began the quest for the Orb.
     0 | D:1      | Reached XP level 1. HP: 18/18 MP: 1/1
   145 | D:1      | Gained mutation: You have large cloven feet. [demonic ancestry]
   145 | D:1      | Reached XP level 2. HP: 14/24 MP: 2/2
   693 | D:2      | Found an iron altar of Okawaru.
   704 | D:2      | Became a worshipper of Warmaster Okawaru
   704 | D:2      | Reached * piety under Okawaru
   704 | D:2      | Reached ** piety under Okawaru
   738 | D:2      | Gained mutation: You are partially covered in sharp spines. [demonic ancestry]
   738 | D:2      | Reached XP level 3. HP: 27/29 MP: 3/3
   752 | D:2      | Found an ancient bone altar of Kikubaaqudgha.
   793 | D:2      | Noticed Robin
   794 | D:2      | Reached skill level 1 in Armour
   805 | D:2      | Killed Robin
   863 | D:2      | Reached XP level 4. HP: 35/35 MP: 4/4
  1207 | D:2      | Found a runed door.
  1317 | D:2      | Gained mutation: Your spells are a little harder to cast, but a little more powerful. [potion of mutation]
  1317 | D:2      | Gained mutation: Your natural rate of healing is unusually fast. [potion of mutation]
  1324 | D:2      | Noticed Crazy Yiuf
  1332 | D:2      | Killed Crazy Yiuf
  1431 | D:3      | Reached XP level 5. HP: 32/41 MP: 5/5
  1447 | D:3      | Noticed Grinder
  1456 | D:3      | HP: 3/61 [Grinder (5)]
  1456 | D:3      | Killed from afar by a dart slug

Vault maps used:
D:1:      lightli_arrival_maybe_door_vault, minmay_crystal_room
D:2:      overflow_temple_1_default, nicolae_overflow_crystal_walls,
          first_bread, uniq_robin, uniq_crazy_yiuf_cottage
D:3:      nicolae_ru_sacrificial_ziggurat, st_stairs_5, uniq_grinder

Skill      XL: |  1  2  3 |
---------------+----------+-----
Polearms       | 3 |  3.9
Dodging        | 3 |  3.3
Stealth        | 2 |  2.0
Armour         | 1 |  1.8
Fighting       | |  3.5

Action                   |  1- 3 |  4- 6 || total
-------------------------+-------+-------++-------
Melee: Spear             |   140 |    41 ||   181
       Kick              |    22 |    13 ||    35
  Use: Potion            |       |     4 ||     4
  Eat: Chunk             |       |     2 ||     2
Armor: Scale mail        |    44 |    11 ||    55
Dodge: Dodged            |    58 |    17 ||    75

Table legend:
 A = Spawn XP
 B = Non-spawn XP
 C = Spawn XP percentage of total XP
 D = Spawn monster count
 E = Non-spawn monster count
 F = Spawn count percentage of total count
 G = Total turns spent on level
                    A         B        C        D         E        F      G
               +---------+---------+-------+---------+---------+-------+---------
         Total |       0 |     203 |   0.0 |       0 |      51 |   0.0 |  1456
               +---------+---------+-------+---------+---------+-------+---------
           D:1 |       0 |      33 |   0.0 |       0 |      17 |   0.0 |   693
           D:2 |       0 |     122 |   0.0 |       0 |      27 |   0.0 |   709
           D:3 |       0 |      48 |   0.0 |       0 |       7 |   0.0 |    54
               +---------+---------+-------+---------+---------+-------+---------
